 Dungeon Crawl Stone Soup version 0.26.0-15-gc6cd9f700b (webtiles) character file.

Game seed: 9934510492779605113

53 EnegeticOcto the Stinger (level 3, -2/26 HPs)
             Began as a Gnoll Venom Mage on Jan 16, 2021.
             Slain by an iguana (14 damage)
             ... on level 4 of the Dungeon.
             The game lasted 00:01:41 (300 turns).

EnegeticOcto the Stinger (Gnoll Venom Mage)          Turns: 300, Time: 00:01:42

Health: -2/26      AC:  2    Str: 10    XL:     3   Next: 87%
Magic:  2/9        EV: 15    Int: 18    God:
Gold:   56         SH:  0    Dex: 15    Spells: 6/12 levels left

rFire    . . .     SeeInvis .     - Unarmed
rCold    . . .     Faith    .   (no shield)
rNeg     . . .     Spirit   .   a - +0 robe
rPois    .         Reflect  .   (no helmet)
rElec    .         Harm     .   (no cloak)
rCorr    .         Rampage  .   (no gloves)
Will     .....                  (no boots)
Stlth    +++.......             (no amulet)
HPRegen  0.08/turn              (no ring)
MPRegen  0.11/turn              (no ring)

@: no status effects
A: distributed training, fangs 1, strong nose
a: no special abilities


You were on level 4 of the Dungeon.
You visited 1 branch of the dungeon, and saw 4 of its levels.

You collected 56 gold pieces.

Inventory:

Armour
 a - a +0 robe (worn)
Scrolls
 b - 2 scrolls of identify {unknown}
 c - 4 scrolls of fog {unknown}
 g - a scroll of amnesia {unknown}
Potions
 d - a potion of curing {@q1 !q}
 e - 2 potions of haste {unknown}
 f - a potion of lignification {unknown}
 h - a potion of invisibility {unknown}


   Skills:
 + Level 1.0 Fighting
 + Level 1.0 Short Blades
 + Level 1.0 Long Blades
 + Level 1.0 Axes
 + Level 1.0 Maces & Flails
 + Level 1.0 Polearms
 + Level 1.0 Staves
 + Level 1.0 Slings
 + Level 1.0 Bows
 + Level 1.0 Crossbows
 + Level 1.0 Throwing
 + Level 1.0 Armour
 + Level 4.6 Dodging
 + Level 4.2 Stealth
 + Level 1.0 Shields
 + Level 1.0 Unarmed Combat
 + Level 5.0 Spellcasting
 + Level 0.7 Conjurations
 + Level 0.7 Hexes
 + Level 0.7 Summonings
 + Level 0.7 Necromancy
 + Level 0.7 Translocations
 + Level 2.1 Transmutations
 + Level 0.7 Fire Magic
 + Level 0.7 Ice Magic
 + Level 0.7 Air Magic
 + Level 0.7 Earth Magic
 + Level 5.4 Poison Magic
 + Level 1.0 Invocations
 + Level 1.0 Evocations


You had 6 spell levels left.
You knew the following spells:

 Your Spells              Type           Power        Failure   Level
a - Sting                 Tmut/Pois      72%          2%          1
b - Poisonous Vapours     Pois/Air       30%          5%          2
c - Mephitic Cloud        Conj/Pois/Air  12%          16%         3

Your spell library contained the following spells:

 Spells                   Type           Power        Failure   Level
 Ignite Poison            Fire/Tmut/Pois 14%          13%         3
 Olgreb's Toxic Radiance  Pois           24%          14%         4


Dungeon Overview and Level Annotations

Branches:
Dungeon (4/15)
 Temple: D:4-7

Altars:

Annotations:
D:3 2 runed translucent doors, nojaa's ghost, amateur DETm


Innate Abilities, Weirdness & Mutations

Your experience applies equally to all skills.
You have very sharp teeth.
Your uncanny sense of smell can sniff out nearby items.


Message History

The bat is moderately wounded.
The bat completely misses you.
You kill the bat!
You have reached level 3!
Your experience leads to an increase in your attributes!
Increase (s)trength, (i)ntelligence, or (d)exterity?
You feel clever.
Found a green potion.
This spell is extremely dangerous to cast!
Memorise Mephitic Cloud, consuming 3 spell levels and leaving 5?
You start memorising the spell.
You continue memorising. x3
You finish memorising.
Spell assigned to 'c'.
e - 2 green potions (gained 1)
Found a runed translucent door.
You see here a chain mail.
There is a stone staircase leading down here.
(D) Dungeon
Where to? (Enter - D:3, ? - help)
You climb downwards.
A hound comes into view.
Found a scroll labelled ILAUNI YPPICIE.
There is a stone staircase leading up here.
Casting: Sting (safe; 3% risk of failure)
Confirm with . or Enter, or press ? or * to list all spells.
Aiming: Sting (safe; 3% risk of failure)
Press: ? - help, Shift-Dir - straight line, f - hound
Aim: a hound (asleep, 0% to evade)
The sting hits the hound.
The hound is poisoned.
The hound is moderately wounded.
The hound barks!
Casting: Sting (safe; 3% risk of failure)
Confirm with . or Enter, or press ? or * to list all spells.
Aiming: Poisonous Vapours (safe; 6% risk of failure)
Press: ? - help, Dir - move target, f/p - hound
Aim: a hound (moderately wounded, poisoned) Poisonous vapours surround the hound!
The hound is engulfed in poison gas.
The hound looks even sicker.
The hound misses you.
A hound comes into view.
The hound is engulfed in poison gas.
The hound looks even sicker.
You kill the hound!
Your Fighting skill increases to level 1!
Your Short Blades skill increases to level 1!
Your Long Blades skill increases to level 1!
Your Axes skill increases to level 1!
Your Maces & Flails skill increases to level 1!
Your Polearms skill increases to level 1!
Your Staves skill increases to level 1!
Your Slings skill increases to level 1!
Your Bows skill increases to level 1!
Your Crossbows skill increases to level 1!
Your Throwing skill increases to level 1!
Your Armour skill increases to level 1!
Your Shields skill increases to level 1!
Your Unarmed Combat skill increases to level 1!
Your Spellcasting skill increases to level 5!
Your Invocations skill increases to level 1!
Your Evocations skill increases to level 1!
Casting: Poisonous Vapours (safe; 5% risk of failure)
Confirm with . or Enter, or press ? or * to list all spells.
Aiming: Poisonous Vapours (safe; 5% risk of failure)
Press: ? - help, Dir - move target, f - hound
Aim: a hound Poisonous vapours surround the hound!
The hound is poisoned.
You climb upwards.
Level annotation: 2 runed translucent doors, nojaa's ghost, amateur DETm
There is a stone staircase leading down here.
An adder comes into view.
You see here 19 bolts.
Nojaa's ghost turns its malevolent gaze towards you.
Nojaa's ghost whispers, "It is all a dream - a grotesque and foolish dream."
Found a plate armour.
Found a scroll labelled WYLAXT ONIE.
Found a ring mail.
Found a stone staircase leading down.
You see here a plate armour.
b - 2 scrolls labelled WYLAXT ONIE (gained 1)
(D) Dungeon
Where to? (Enter - D:4, ? - help)
There is a stone staircase leading down here.
You climb downwards.
An iguana comes into view.
Found a pair of gloves.
There is a stone staircase leading up here.
Casting: Poisonous Vapours (safe; 5% risk of failure)
Confirm with . or Enter, or press ? or * to list all spells.
Aiming: Poisonous Vapours (safe; 5% risk of failure)
Press: ? - help, Dir - move target, f - iguana
Aim: an iguana (asleep) Poisonous vapours surround the iguana!
The iguana hisses angrily.
The iguana is engulfed in poison gas.
The iguana is poisoned.
The iguana bites you!
Ouch! That really hurt!
Casting: Poisonous Vapours (safe; 5% risk of failure)
Confirm with . or Enter, or press ? or * to list all spells.
Aiming: Poisonous Vapours (safe; 5% risk of failure)
Press: ? - help, Dir - move target, f/p - iguana
Aim: an iguana (moderately wounded, poisoned) Poisonous vapours surround the iguana!
The iguana is engulfed in poison gas.
The iguana looks even sicker.
The iguana bites you!
Ouch! That really hurt!
You die...

..# # #.#
.#### #.
##.##.....
.. ∆
..........
..
......####
#.
..<...?...
#. ∆
###†..####
#. # #
h..#
#.##.#....
#....
#.@l......
...##
#.........
...#
#....#....
..# #....#
### ..#
#.[..#
#....#
#.#### #.


You could see an iguana (very poisoned).

Vanquished Creatures
  A hound (D:4)
  An adder (D:3)
  A dart slug (D:1)
  A giant cockroach (D:3)
  A goblin (D:1)
  2 hobgoblins
  2 bats
  2 frilled lizards
  A kobold (D:1)
  2 rats
14 creatures vanquished.

Notes
Turn   | Place    | Note
-------+----------+-------------------------------------------
     0 | D:1      | EnegeticOcto the Gnoll Venom Mage began the quest for the
                  | Orb.
     0 | D:1      | Reached XP level 1. HP: 13/13 MP: 6/6
    30 | D:1      | Reached skill level 2 in Transmutations
    84 | D:1      | Reached XP level 2. HP: 4/19 MP: 3/7
    91 | D:1      | Learned a level 2 spell: Poisonous Vapours
   170 | D:3      | Found a runed translucent door.
   190 | D:3      | Noticed nojaa's ghost (amateur DETm)
   213 | D:3      | Reached XP level 3. HP: 21/25 MP: 1/9
   217 | D:3      | Learned a level 3 spell: Mephitic Cloud
   226 | D:3      | Found a runed translucent door.
   249 | D:4      | Reached skill level 1 in Fighting
   249 | D:4      | Reached skill level 1 in Short Blades
   249 | D:4      | Reached skill level 1 in Long Blades
   249 | D:4      | Reached skill level 1 in Axes
   249 | D:4      | Reached skill level 1 in Maces & Flails
   249 | D:4      | Reached skill level 1 in Polearms
   249 | D:4      | Reached skill level 1 in Staves
   249 | D:4      | Reached skill level 1 in Slings
   249 | D:4      | Reached skill level 1 in Bows
   249 | D:4      | Reached skill level 1 in Crossbows
   249 | D:4      | Reached skill level 1 in Throwing
   249 | D:4      | Reached skill level 1 in Armour
   249 | D:4      | Reached skill level 1 in Shields
   249 | D:4      | Reached skill level 1 in Unarmed Combat
   249 | D:4      | Reached skill level 5 in Spellcasting
   249 | D:4      | Reached skill level 1 in Invocations
   249 | D:4      | Reached skill level 1 in Evocations
   300 | D:4      | Slain by an iguana

Illustrated notes

Levels and vault maps discovered:
D:1:      ebering_trefoil_twist, layout_rooms, st_stairs_4,
          palyth_stone_intersect, minmay_tripent
D:2:      layout_loops_ring, general_overflow_altar
D:3:      layout_basic, ebering_ghost_sewer_f, fedhas_altar_4
D:4:      layout_basic, serial_shops, nicolae_shop_overgrown_old_shop

Skill      XL: |  1  2  3 |
---------------+----------+-----
Transmutations | 2 |  2.1
Fighting       | 1 |  1.0
Short Blades   | 1 |  1.0
Long Blades    | 1 |  1.0
Axes           | 1 |  1.0
Maces & Flails | 1 |  1.0
Polearms       | 1 |  1.0
Staves         | 1 |  1.0
Slings         | 1 |  1.0
Bows           | 1 |  1.0
Crossbows      | 1 |  1.0
Throwing       | 1 |  1.0
Armour         | 1 |  1.0
Shields        | 1 |  1.0
Unarmed Combat | 1 |  1.0
Spellcasting   | 5 |  5.0
Invocations    | 1 |  1.0
Evocations     | 1 |  1.0
Dodging        | |  4.6
Stealth        | |  4.2
Conjurations   | |  0.7
Hexes          | |  0.7
Summonings     | |  0.7
Necromancy     | |  0.7
Translocations | |  0.7
Fire Magic     | |  0.7
Ice Magic      | |  0.7
Air Magic      | |  0.7
Earth Magic    | |  0.7
Poison Magic   | |  5.4

Action                   || total
-------------------------++-------
Melee: Unarmed           ||     4
 Cast: Sting             ||    16
       Poisonous Vapours ||     7
  Use: Potion            ||     1
 Stab: Distracted        ||     1
Armor: Robe              ||     1
Dodge: Dodged            ||     9
